 Dungeon Crawl Stone Soup version 0.24-a0-446-g87df7205b4 (webtiles) character file.

Game seed: 10032690643052754935

88 drasked the Chopper (level 4, -13/41 HPs)
             Began as a Hill Orc Monk on June 23, 2019.
             Mangled by Sigmund
             ... wielding a +0 scythe
              (17 damage)
             ... on level 2 of the Dungeon.
             The game lasted 00:05:26 (1610 turns).

drasked the Chopper (Hill Orc Monk)                 Turns: 1610, Time: 00:05:27

Health: -13/41     AC:  8    Str: 13    XL:     4   Next: 54%
Magic:  4/4        EV: 11    Int: 11    God:
Gold:   79         SH:  0    Dex: 13    Spells: 3/3 levels left

rFire    . . .     SeeInvis .   a - +0 hand axe
rCold    . . .     Gourm    .   (no shield)
rNeg     . . .     Faith    .   e - +0 scale mail
rPois    .         Spirit   .   d - +1 helmet
rElec    .         Reflect  .   (no cloak)
rCorr    .         Harm     .   (no gloves)
MR       .....                  (no boots)
Stlth    +.........             (no amulet)
HPRegen  0.13/turn              (no ring)
MPRegen  0.09/turn              (no ring)

@: no status effects
A: blink, sturdy frame 1
a: Blink


You were on level 2 of the Dungeon.
You were hungry.

You visited 1 branch of the dungeon, and saw 2 of its levels.

You collected 79 gold pieces.

Inventory:

Hand Weapons
 a - a +0 hand axe (weapon)
Armour
 b - a +0 robe
 d - a +1 helmet (worn)
   (You found it on level 1 of the Dungeon)
 e - a +0 scale mail (worn)
   (You found it on level 1 of the Dungeon)
Scrolls
 h - 3 scrolls of remove curse
Potions
 k - a potion of cancellation
Comestibles
 c - 3 rations
 n - 6 chunks of flesh {@w0}


   Skills:
 + Level 4.4 Fighting
 * Level 5.6 Axes
 + Level 2.0 Armour
 - Level 2.4 Dodging
 - Level 1.5 Stealth


You had 3 spell levels left.
You didn't know any spells.
Your spell library was empty.

Dungeon Overview and Level Annotations

Branches:
Dungeon (2/15)

Altars:

Annotations:
D:2 Sigmund


Innate Abilities, Weirdness & Mutations

You can translocate small distances at will.
Your movements are slightly less encumbered by armour. (ER -2)


Message History

The adder poisons you!
You take 7 damage, and have 31/41 hp.
You hit the adder.
You feel sick. The adder bites you but does no damage.
You take 1 damage, and have 30/41 hp.
You hit the adder.
You feel sick. The adder misses you.
You hit the adder.
You kill the adder!
You feel sick.
You take 1 damage, and have 29/41 hp.
No target in view!
No target in view!
You see here an adder corpse.
You butcher the adder corpse.
You feel sick.
n - 6 chunks of flesh {@w0} (gained 1)
You see here an adder skeleton.
You take 1 damage, and have 28/41 hp.
You start resting.
You feel sick. x5
Sigmund is too close now for your liking.
You take 3 damage, and have 25/41 hp.
Sigmund is nearby!
Sigmund is nearby!
Unknown command.
Sigmund shouts!
Sigmund points at you and mumbles some strange words.
The puff of flame hits you.
You take 1 damage, and have 24/41 hp.
You feel sick.
You take 1 damage, and have 23/41 hp.
You see here a jackal skeleton.
You feel sick.
You are no longer poisoned.
You take 1 damage, and have 23/41 hp.
You blink.
You are feeling hungry.
Sigmund hits you but does no damage.
You take 2 damage, and have 21/41 hp.
You hit Sigmund but do no damage.
Sigmund drinks a potion.
Sigmund seems to grow stronger.
Okay, then.
Okay, then.
It was a potion of lignification.
You turn into a tree.
Your +1 helmet melds into your body.
Your +0 scale mail melds into your body.
Your roots penetrate the ground.
Sigmund hits you with a +0 scythe.
You now have 31/61 hp.
You completely miss Sigmund.
Sigmund casts a spell.
Sigmund flickers and vanishes!
Deactivating autopickup; reactivate with Ctrl-A.
You hit something. Something hits you.
You take 3 damage, and have 28/61 hp.
You hit something but do no damage. You hit something.
Something hits you but does no damage.
You miss something. Something hits you but does no damage.
You closely miss something. You hit something.
Something hits you but does no damage.
You completely miss something. Something hits you!
You take 7 damage, and have 22/61 hp.
You hit something.
Your transformation is almost over.
You miss something. Something hits you but does no damage.
You barely miss something. Something hits you but does no damage.
You miss something. Something hits you but does no damage.
You miss something. You miss something. Something hits you but does no damage.
You barely miss something.
You hear some strange, mumbled words.
A magic dart appears from out of thin air!
The magic dart hits you but does no damage.
You miss something. Something hits you but does no damage.
You hit something. You hit something but do no damage.
Something hits you but does no damage.
You hit something.
You feel less wooden.
Your +1 helmet unmelds from your body.
Your +0 scale mail unmelds from your body.
Something hits you but does no damage.
You now have 16/41 hp.
You hit something. You hit something but do no damage. Something hits you.
You take 2 damage, and have 15/41 hp.
You hit something but do no damage. Something hits you but does no damage.
You closely miss something. You slash something! Something hits you!
* * * LOW HITPOINT WARNING * * *
You miss something.
You hear some strange, mumbled words.
A puff of flame appears from out of thin air!
The puff of flame hits you but does no damage.
You take 9 damage, and have 6/41 hp.
MASSIVE DAMAGE!!
Okay, then.
Okay, then.
You miss something. Something hits you.
* * * LOW HITPOINT WARNING * * *
You take 3 damage, and have 3/41 hp.
You miss something. You closely miss something. Something hits you!
You die...

#.# #.## ##.# #.# #..#
#.# #.## #.# #.# #.#
#.# #.# #.# ##.# #.#
#..# #.####.# #@## ###
#......# #{# ##.#
##..##### #÷# #..#
#....# #.# #.## #..#.#
######.###.#
#..#.######.......#..#
...#......#..÷....#.##
..<.#####.........#.#
.....######.......#.#


There were no monsters in sight!

Vanquished Creatures
  3 adders (D:2)
  2 worms (D:2)
  3 dart slugs
  A leopard gecko (D:1)
  A giant cockroach (D:1)
  8 hobgoblins
  7 jackals (D:2)
  3 bats
  5 frilled lizards
  5 goblins
  7 kobolds
  A rat (D:2)
46 creatures vanquished.

Notes
Turn   | Place    | Note
-------+----------+-------------------------------------------
     0 | D:1      | drasked the Hill Orc Monk began the quest for the Orb.
     0 | D:1      | Reached XP level 1. HP: 19/19 MP: 1/1
   338 | D:1      | Reached XP level 2. HP: 27/27 MP: 2/2
   544 | D:1      | Reached skill level 1 in Armour
   606 | D:1      | Reached skill level 4 in Fighting
   606 | D:1      | Reached XP level 3. HP: 21/33 MP: 3/3
  1104 | D:2      | Reached skill level 5 in Axes
  1274 | D:2      | Reached XP level 4. HP: 31/40 MP: 4/4
  1306 | D:2      | Noticed Sigmund
  1337 | D:1      | Gained mutation: You are clumsy. (Dex -2) [potion of
                  | mutation]
  1337 | D:1      | Lost mutation: You are clumsy. (Dex -2) [potion of
                  | mutation]
  1337 | D:1      | Gained mutation: You can translocate small distances at
                  | will. [potion of mutation]
  1337 | D:1      | Gained mutation: Your movements are slightly less
                  | encumbered by armour. (ER -2) [potion of mutation]
  1517 | D:2      | Reached skill level 2 in Armour
  1606 | D:2      | HP: 6/41 [something (9)]
  1610 | D:2      | Mangled by Sigmund

Levels and vault maps discovered:
D:1:      shiori_arrival_elements, layout_loops_corners, minmay_pentomino_r2
D:2:      layout_rooms, first_ration, minmay_vboxes, uniq_crazy_yiuf_cottage,
          uniq_sigmund

Skill      XL: |  1  2  3  4 |
---------------+-------------+-----
Armour         | 1 2 |  2.0
Fighting       | 4 |  4.4
Axes           | 5 |  5.6
Dodging        | |  2.4
Stealth        | |  1.5

Action                   |  1- 3 |  4- 6 || total
-------------------------+-------+-------++-------
Melee: Hand axe          |   144 |    73 ||   217
 Abil: Blink             |       |     1 ||     1
  Use: Scroll            |       |     7 ||     7
       Potion            |       |     2 ||     2
  Eat: Chunk             |     1 |     1 ||     2
Armor: Scale mail        |    65 |    30 ||    95
       Skin              |       |    10 ||    10
Dodge: Dodged            |    81 |    18 ||    99

Table legend:
 A = Non-vault XP
 B = Vault XP
 C = Vault XP percentage of total XP
 D = Non-vault monster count
 E = Vault monster count
 F = Vault count percentage of total count
                 A         B        C        D         E       F
            +---------+---------+-------+---------+---------+-------
      Total |      85 |      42 |  33.1 |      37 |       9 |  19.6
            +---------+---------+-------+---------+---------+-------
        D:1 |      35 |       6 |  14.6 |      20 |       2 |   9.1
        D:2 |      50 |      36 |  41.9 |      17 |       7 |  29.2
            +---------+---------+-------+---------+---------+-------

Levels and vault maps discovered:
D:1:      shiori_arrival_elements, layout_loops_corners, minmay_pentomino_r2
D:2:      layout_rooms, first_ration, minmay_vboxes, uniq_crazy_yiuf_cottage,
          uniq_sigmund

Table legend:
 A = Turns spent in this place as a percentage of turns spent in the entire game.
 B = Non-inter-level travel turns spent in this place as a percentage of non-inter-level travel turns spent in the entire game.
 C = Inter-level travel turns spent in this place as a percentage of turns spent in this place.
 D = Turns resting spent in this place as a percentage of non-inter-level travel turns spent in this place.
 E = Turns spent auto-exploring this place as a percentage of non-inter-level travel turns spent in this place.
 F = Non-inter-level travel turns spent in this place divided by the number of levels of this place that you've seen.
                   A       B       C       D       E      F
               +-------+-------+-------+-------+-------+----------------------
         Total | 100.0 | 100.0 |   5.0 |  12.9 |  54.0 | 764.5
       Dungeon | 100.0 | 100.0 |   5.0 |  12.9 |  54.0 | 764.5
               +-------+-------+-------+-------+-------+----------------------

Table legend:
 A = Kills in this place as a percentage of kills in entire the game.
 B = Kills by you in this place as a percentage of kills by you in the entire game.
 C = Kills by friends in this place as a percentage of kills by friends in the entire game.
 D = Other kills in this place as a percentage of other kills in the entire game.
 E = Experience gained in this place as a percentage of experience gained in the entire game.
 F = Experience gained in this place divided by the number of levels of this place that you have seen.
                   A       B       C       D       E      F
               +-------+-------+-------+-------+-------+----------------------
         Total | 100.0 | 100.0 |   N/A |   N/A | 100.0 |  63.5
       Dungeon | 100.0 | 100.0 |   N/A |   N/A | 100.0 |  63.5
               +-------+-------+-------+-------+-------+----------------------
